 Dungeon Sprint DCSS version 0.25-a0-766-g0ecfff5982 (webtiles) character file.

Game seed: 11422293505786841952, levelgen mode: deterministic

110 Caerthir the Cudgeler (level 4, -5/39 HPs)
             Began as a Demonspawn Monk on Apr 13, 2020.
             Slain by an ice beast (14 damage)
             ... in the Dungeon (Sprint IX: "|||||||||||||||||||||||||||||").
             The game lasted 00:00:33 (178 turns).

Caerthir the Cudgeler (Demonspawn Monk)              Turns: 178, Time: 00:00:34

Health: -5/39      AC:  2    Str: 13    XL:     4   Next: 61%
Magic:  4/4        EV: 15    Int: 11    God:
Gold:   0          SH:  0    Dex: 15    Spells: 3/3 levels left

rFire    . . .     SeeInvis .   a - +0 mace
rCold    . . .     Gourm    .   (no shield)
rNeg     . . .     Faith    .   b - +0 robe
rPois    .         Spirit   .   (helmet restricted)
rElec    .         Reflect  .   (no cloak)
rCorr    .         Harm     .   (no gloves)
MR       .....     NoTele   +   (no boots)
Stlth    ++........             (no amulet)
HPRegen  0.13/turn              (no ring)
MPRegen  0.09/turn              (no ring)

@: berserk cooldown, hasted and slowed
A: horns 1, powered by death 1
a: no special abilities


You were in the Dungeon.
You were not hungry.

You visited 1 branch

Inventory:

Hand Weapons
 a - a +0 mace (weapon)
Armour
 b - a +0 robe (worn)
Scrolls
 i - a scroll of blinking
Potions
 d - a potion of curing
 g - 2 potions of magic
Comestibles
 c - a ration
 j - 2 chunks of flesh


   Skills:
 + Level 5.5 Fighting
 + Level 5.6 Maces & Flails
 + Level 5.4 Dodging
 + Level 3.0 Stealth


You had 3 spell levels left.
You didn't know any spells.
Your spell library was empty.

Dungeon Overview and Level Annotations

Branches:
Dungeon (1/1)

Altars:


Innate Abilities, Weirdness & Mutations

You have a pair of small horns on your head.
You regenerate a little health from kills.


Message History

The ice beast is heavily wounded.
The ice beast barely misses you.
You hit the ice beast but do no damage.
The ice beast is heavily wounded.
The ice beast hits you. The ice beast freezes you!
* * * LOW HITPOINT WARNING * * *
You barely miss the ice beast.
The ice beast is heavily wounded.
The ice beast barely misses you.
You feel much better. The ice beast barely misses you.
You hit the ice beast.
The ice beast is heavily wounded.
The ice beast hits you. The ice beast freezes you!
* * * LOW HITPOINT WARNING * * *
You hit the ice beast.
The ice beast is severely wounded.
The ice beast hits you.
* * * LOW HITPOINT WARNING * * *
The ice beast freezes you!
You die...

▓'▓
▓(▓
▓.▓
▓.▓
▓.▓
▓.▓
▓'▓
▓.▓
▓@▓
▓Y▓
▓J▓
▓h▓
▓+▓


You could see an ice beast, a hound and an ooze.

Vanquished Creatures
  A centaur (D)
  An iguana (D)
  A bat (D)
  A giant cockroach (D)
  A goblin (D)
  A hobgoblin (D)
  A kobold (D)
7 creatures vanquished.

Notes
Turn   | Place    | Note
-------+----------+-------------------------------------------
     0 | D        | Caerthir the Demonspawn Monk began the quest for the Orb.
     0 | D        | Reached XP level 1. HP: 18/18 MP: 1/1
   151 | D        | Noticed an iguana
   151 | D        | Noticed a centaur
   151 | D        | Noticed an ice beast
   151 | D        | Noticed a hound
   159 | D        | Killed an iguana
   159 | D        | Gained mutation: You regenerate a little health from kills.
                  | [demonic ancestry]
   159 | D        | Reached XP level 2. HP: 26/26 MP: 2/2
   159 | D        | Gained mutation: You have a pair of small horns on your
                  | head. [demonic ancestry]
   159 | D        | Reached XP level 3. HP: 31/31 MP: 3/3
   163 | D        | Killed a centaur
   163 | D        | Reached skill level 5 in Fighting
   163 | D        | Reached skill level 5 in Maces & Flails
   163 | D        | Reached skill level 5 in Dodging
   163 | D        | Reached XP level 4. HP: 39/39 MP: 4/4
   178 | D        | Slain by an ice beast

Levels and vault maps discovered:
D:        linesprint [early_d, line_temple, items_1, d_10, items_2, lair_1,
          lair_end, items_3, orc_1, orc_end, items_4, d_15, swamp_1, shoals_1,
          snake_1, spider_1, d_20, vaults_1, items_5, swamp_end, shoals_end,
          snake_end, spider_end, vaults_end, d_27, items_6, zot_1, zot_end,
          crypt_end, forest_end, elf_end, slime_end, tomb_end, abyss_end,
          pan_hell_end]

Skill      XL: |  1  2  3 |
---------------+----------+-----
Maces & Flails | 4 5 |  5.6
Dodging        | 4 5 |  5.4
Fighting       | 4 5 |  5.5
Stealth        | 2 3 |  3.0

Action                   |  1- 3 |  4- 6 || total
-------------------------+-------+-------++-------
Melee: Mace              |    23 |    13 ||    36
       Headbutt          |     1 |     1 ||     2
  Use: Potion            |     2 |     1 ||     3
Armor: Robe              |       |     2 ||     2
Dodge: Dodged            |    20 |     9 ||    29

Table legend:
 A = Non-vault XP
 B = Vault XP
 C = Vault XP percentage of total XP
 D = Non-vault monster count
 E = Vault monster count
 F = Vault count percentage of total count
                 A         B        C        D         E       F
            +---------+---------+-------+---------+---------+-------
      Total |       0 |     158 | 100.0 |       0 |       7 | 100.0
            +---------+---------+-------+---------+---------+-------
          D |       0 |     158 | 100.0 |       0 |       7 | 100.0
            +---------+---------+-------+---------+---------+-------
